 Dungeon Crawl Stone Soup version 0.28.0-53-g5a82cb258f (webtiles) character file.

Game seed: 6586892811297110305

46 Sin92 the Skirmisher (level 3, -3/26 (29) HPs)
             Began as a Demonspawn Fighter on June 22, 2022.
             Killed from afar by an orc wizard (7 damage)
             ... with a puff of flame
             ... on level 2 of the Dungeon.
             The game lasted 00:00:47 (996 turns).

Sin92 the Skirmisher (Demonspawn Fighter)            Turns: 996, Time: 00:00:48

HP:   -3/26 (29)    AC:  7    Str: 16    XL:     3   Next: 46%
MP:   3/3           EV: 10    Int:  9    God:
Gold: 21            SH:  5    Dex: 14    Spells: 2/2 levels left

rFire   . . .      SeeInvis .   a - +0 war axe
rCold   . . .      Faith    .   c - +0 buckler
rNeg    . . .      Spirit   .   b - +0 scale mail
rPois   .          Reflect  .   f - +0 helmet
rElec   .          Harm     .   (no cloak)
rCorr   .          Rampage  .   (no gloves)
Will    .....                   (no boots)
Stlth   ..........              (no amulet)
HPRegen 0.08/turn               (no ring)
MPRegen 0.08/turn               (no ring)

@: heavily drained
A: demonic guardian 1, sturdy frame 1
a: no special abilities


You were on level 2 of the Dungeon.
You visited 1 branch of the dungeon, and saw 2 of its levels.

You collected 21 gold pieces.

Inventory:

Hand Weapons
 a - a +0 war axe (weapon)
Armour
 b - a +0 scale mail (worn)
 c - a +0 buckler (worn)
 f - a +0 helmet (worn)
Scrolls
 h - 2 scrolls of summoning {unknown}
Potions
 d - a potion of might
 e - 2 potions of mutation {unknown}
 g - a potion of curing {unknown}


   Skills:
 + Level 3.3 Fighting
 + Level 2.2 Axes
 + Level 3.0 Armour
 + Level 1.1 Dodging
 + Level 3.0 Shields


You had 2 spell levels left.
You didn't know any spells.
Your spell library contained the following spells:

 Spells                   Type           Power      Damage    Failure   Level
 Animate Dead             Necr           0%         N/A       100%        4
 Borgnjor's Vile Clutch   Necr/Erth      0%         N/A       100%        5
 Death Channel            Necr           0%         N/A       100%        6


Dungeon Overview and Level Annotations

Branches:
Dungeon (2/15)

Altars:


Innate Abilities, Weirdness & Mutations

A weak demonic guardian rushes to your aid.
Your movements are slightly less encumbered by armour. (ER -2)


Message History

You hit the orc but do no damage. You block the orc's attack.
The orc priest hits you with a +0 mace. The orc wizard casts a spell at you.
You resist with significant effort. The orc barely misses you.
The orc priest looks satisfied for a moment.
The orc hits you with a +0 whip. The kobold closely misses you.
The orc wizard hits you but does no damage.
You feel drained. The orc hits you but does no damage.
You barely miss the orc wizard.
The orc wizard is heavily wounded.
You hit the orc.
You kill the orc!
You barely miss the kobold. You hit the orc priest. You barely miss the orc.
The orc closely misses you.
The orc priest mumbles some strange prayers to Beogh against you.
Beogh smites you! The kobold misses you.
The orc wizard hits you but does no damage.
You feel drained.
You hit the orc priest but do no damage.
The orc priest is heavily wounded.
You barely miss the kobold. You barely miss the orc wizard.
You barely miss the orc. The orc hits you but does no damage.
The orc priest hits you but does no damage.
The kobold hits you with a +0 short sword.
A demonic guardian appears!
The orc wizard hits you with a +0 dagger of draining.
You feel drained. The orc hits you with a +0 whip.
* * * LOW HITPOINT WARNING * * *
The orc priest calls down the wrath of Beogh upon you.
Pain shoots through your body!
* * * LOW HITPOINT WARNING * * *
The kobold closely misses you.
You are too injured to fight recklessly!
You are too injured to fight recklessly!
You slash the orc priest!
You kill the orc priest!
You hit the orc. You hit the orc wizard. You barely miss the kobold.
The orc wizard casts a spell at you. The puff of flame hits you!
You die...

...#......#.........
.. ###....#...^.....
.##.#......... # #.
#....#####
#.#.##....#
#$........#
#.......###
#.......# ###..)@o#
#....K)o# #..(..5.#
#.....#.. #..... ...
#..... .... .......
..... ...#.## ......


You could see an orc wizard, an orc, a kobold and a friendly shadow imp
(summoned).

Vanquished Creatures
  An orc priest (D:2)
  A gnoll (D:1)
  An orc (D:2)
  3 ball pythons (D:1)
  4 endoplasms
  2 giant cockroaches (D:1)
  2 goblins (D:1)
  2 hobgoblins (D:1)
  3 jackals (D:1)
  2 quokkas (D:1)
  4 bats (D:1)
  2 frilled lizards (D:1)
  3 kobolds (D:1)
  3 rats (D:1)
33 creatures vanquished.

Notes
Turn   | Place    | Note
-------+----------+-------------------------------------------
     0 | D:1      | Sin92 the Demonspawn Fighter began the quest for the Orb.
     0 | D:1      | Reached XP level 1. HP: 18/18 MP: 1/1
   117 | D:1      | Found a faded altar of an unknown god.
   167 | D:1      | Gained mutation: A weak demonic guardian rushes to your
                  | aid. [demonic ancestry]
   167 | D:1      | Reached XP level 2. HP: 24/24 MP: 2/2
   559 | D:1      | Gained mutation: Your movements are slightly less
                  | encumbered by armour. (ER -2) [demonic ancestry]
   559 | D:1      | Reached XP level 3. HP: 25/29 MP: 3/3
   783 | D:1      | Reached skill level 1 in Dodging
   996 | D:2      | Killed from afar by an orc wizard

Illustrated notes

Levels and vault maps discovered:
D:1:      heliophobic_arrival_ceremonial_halls, layout_loops_ring,
          basic_ecumenical_altar, fountainhead
D:2:      layout_basic

Skill      XL: |  1  2  3 |
---------------+----------+-----
Axes           | 2 |  2.2
Shields        | 3 |  3.0
Armour         | 3 |  3.0
Dodging        | 1 |  1.1
Fighting       | |  3.3

Action                   || total
-------------------------++-------
Melee: War axe           ||    96
Armor: Scale mail        ||    44
Dodge: Dodged            ||    49
Block: Buckler           ||    27
